 Dungeon Crawl Stone Soup version 0.18.1-5-g4a78601 (webtiles) character file.

21 MDvedh the Conjurer (level 2, 0/14 HPs)
             Began as a Vine Stalker Conjurer on May 14, 2016.
             Succumbed to an adder's poison
             ... on level 2 of the Dungeon.
             The game lasted 00:01:45 (939 turns).

MDvedh the Conjurer (Vine Stalker Conjurer)          Turns: 939, Time: 00:01:46

Health: 0/14       AC:  2    Str: 10    XL:     2   Next: 87%
Magic:  1/6        EV: 18    Int: 15    God:
Gold:   25         SH:  0    Dex: 19    Spells: 2 memorised, 2 levels left

rFire  . . .     SeeInvis .     m - +0 dagger
rCold  . . .     Gourm    .     a - +0 robe
rNeg   . . .     Faith    .     (no shield)
rPois  .         Spirit   +     (no helmet)
rElec  .         Dismiss  .     (no cloak)
rCorr  .         Reflect  .     (no gloves)
SustAt .         Harm     .     (no boots)
MR     .....                    (no amulet)
Stlth  +++.......               (no ring)
                                (no ring)

@: agile, lethally poisoned (0 -> -5), exhausted, slowed, very slow, not
resistant to hostile enchantments, fairly stealthy
A: fangs 2, regeneration 1, magic shield, antimagic bite, no device heal 3, rot
immunity
a: no special abilities


You were on level 2 of the Dungeon.
You were very hungry.

You visited 1 branch of the dungeon, and saw 2 of its levels.

You collected 25 gold pieces.

Inventory:

Hand Weapons
 m - a +0 dagger (weapon)
Armour
 a - a +0 robe (worn)
Scrolls
 e - 2 scrolls of identify {unknown}
 f - a scroll of magic mapping {unknown}
 i - 2 scrolls of noise {unknown}
 j - 2 scrolls of enchant weapon {unknown}
 k - a scroll of amnesia {unknown}
 n - 2 scrolls of remove curse {unknown}
 p - a scroll of fear {unknown}
Potions
 r - a potion of heal wounds {unknown}
Books
 b - a book of Conjurations

   Spells                             Type                      Level
   a - Magic Dart                     Conjuration                  1
   b - Searing Ray                    Conjuration                  2
   c - Dazzling Spray                 Conjuration/Hexes            3
   d - Fulminant Prism                Conjuration/Hexes            4
   e - Iskenderun's Mystic Blast      Conjuration                  4
   f - Iskenderun's Battlesphere      Conjuration/Charms           5
Comestibles
 c - 5 bread rations
 g - 8 fruits
 h - a meat ration
 o - a chunk of flesh


   Skills:
 + Level 1.1 Fighting
 + Level 2.0 Dodging
 - Level 2.4 Stealth
 - Level 2.1 Spellcasting
 + Level 4.2 Conjurations


You had 2 spell levels left.
You knew the following spells:

 Your Spells              Type           Power        Failure   Level  Hunger
a - Magic Dart            Conj           ##..         4%          1    #......
b - Searing Ray           Conj           ##....       8%          2    ###....


Dungeon Overview and Level Annotations

Branches:
Dungeon (2/15)

Altars:


Innate Abilities, Weirdness & Mutations

You have extremely sharp teeth.
Your natural rate of healing is unusually fast.
When hurt, damage is shared between your health and your magic reserves.
Your bite disrupts and absorbs the magic of your enemies.
Potions and wands cannot restore your health.
You are immune to rotting.


Message History

A red film seems to cover your vision as you go berserk!
You feel yourself moving faster!
You feel mighty!
* * * LOW HITPOINT WARNING * * *
You feel sick.
You are too berserk!
You feel a strong urge to attack something.
* * * LOW HITPOINT WARNING * * *
You feel sick.
You feel your anger subside.
You are no longer berserk.
You are exhausted.
You feel yourself slow down.
You are feeling hungry.
* * * LOW HITPOINT WARNING * * *
You feel sick.
You are feeling very hungry.
* * * LOW HITPOINT WARNING * * *
You feel sick.
Drink which item? (? for menu, Esc to quit)
It was a potion of cure mutation.
It has a very clean taste.
You die...

####### ##.....##
##.......##
#.........#
#.........#
#.........#
#####.@†......#
...............#
.#..<..........# ###
#####.........#####>#
#...............###
#.........####.....
#...†..............
##........#.#......
##.......#.#......


There were no monsters in sight!

Vanquished Creatures
  An adder (D:2)
  2 dart slugs (D:2)
  2 bats (D:1)
  A giant newt (D:2)
  A goblin (D:1)
  3 kobolds (D:1)
  2 rats
12 creatures vanquished.

Notes
Turn   | Place    | Note
--------------------------------------------------------------
     0 | D:1      | MDvedh the Vine Stalker Conjurer began the quest for the Orb.
     0 | D:1      | Reached XP level 1. HP: 9/9 MP: 4/4
   835 | D:2      | Reached XP level 2. HP: 14/14 MP: 1/6
   839 | D:2      | Learned a level 2 spell: Searing Ray
   887 | D:2      | Reached skill level 1 in Fighting
   939 | D:2      | Succumbed to an adder's poison

Skill      XL: |  1  2 |
---------------+-------+-----
Fighting       | 1 |  1.1
Dodging        | 2 |  2.0
Stealth        | |  2.4
Spellcasting   | |  2.1
Conjurations   | |  4.2

Action                   || total
-------------------------++-------
Melee: Dagger            ||    11
 Cast: Magic Dart        ||    18
       Searing Ray       ||     1
  Use: Potion            ||     3
 Stab: Sleeping          ||     2
Armor: Robe              ||     1
Dodge: Dodged            ||     7
